 Dungeon Crawl Stone Soup version 0.28.0-45-g0d030f2227 (webtiles) character file.

Game seed: 11759098132594759175

70 nickcage the Firebug (level 4, -2/24 HPs)
             Began as a Deep Elf Fire Elementalist on Apr 14, 2022.
             Slain by Robin
             ... wielding a +0 short sword
              (4 damage)
             ... on level 2 of the Dungeon.
             The game lasted 00:06:47 (2470 turns).

nickcage the Firebug (Deep Elf Fire Elementalist)   Turns: 2470, Time: 00:06:48

Health: -2/24      AC:  2    Str:  5    XL:     4   Next: 4%
Magic:  0/12       EV: 12    Int: 22    God:
Gold:   111        SH:  0    Dex: 15    Spells: 8/11 levels left

rFire   . . .      SeeInvis .   e - +0 dagger
rCold   . . .      Faith    .   (no shield)
rNeg    . . .      Spirit   .   a - +0 robe
rPois   .          Reflect  .   (no helmet)
rElec   .          Harm     .   (no cloak)
rCorr   .          Rampage  .   (no gloves)
Will    .....                   (no boots)
Stlth   ++........              (no amulet)
HPRegen 0.08/turn               (no ring)
MPRegen 0.13/turn               (no ring)

@: no status effects
A: no striking features
a: no special abilities


You were on level 2 of the Dungeon.
You visited 1 branch of the dungeon, and saw 2 of its levels.

You collected 111 gold pieces.

Inventory:

Hand Weapons
 b - a +0 club
 e - a +0 dagger (weapon)
Armour
 a - a +0 robe (worn)
Scrolls
 d - a scroll of fog {unknown}
 f - a scroll of fear {unknown}
 g - 2 scrolls of brand weapon {unknown}
Potions
 c - a potion of invisibility {unknown}
 h - a potion of degeneration {unknown}
 i - a potion of curing {unknown}
 j - a potion of haste {unknown}


   Skills:
 - Level 2.4 Dodging
 - Level 2.4 Stealth
 + Level 4.3 Spellcasting
 + Level 1.3 Conjurations
 + Level 4.6 Fire Magic


You had 8 spell levels left.
You knew the following spells:

 Your Spells              Type           Power      Damage    Failure   Level
a - Foxfire               Conj/Fire      68%        2x1d7     3%          1
b - Scorch                Fire           50%        2d8       2%          2

Your spell library contained the following spells:

 Spells                   Type           Power      Damage    Failure   Level
 Conjure Flame            Conj/Fire      17%        6-21      10%         3
 Inner Flame              Hex/Fire       15%        N/A       13%         3
 Flame Wave               Conj/Fire      17%        2d6       32%         4


Dungeon Overview and Level Annotations

Branches:
Dungeon (2/15)

Altars:

Annotations:
D:2 Robin


Message History

Flames lash the goblin.
You kill the goblin!
Robin hits you with a +0 short sword.
Flames lash Robin.
Robin is moderately wounded.
Robin's fire resistance burns away.
Robin hits you with a +0 short sword.
A goblin comes into view. It is wielding a +0 dagger.
You are too depleted to draw on your mana recklessly!
Robin roars a battlecry!
The goblin goes into a battle-frenzy!
A goblin comes into view. It is wielding a +0 dagger.
Robin is no longer more vulnerable to fire.
Your magical contamination has completely faded away.
Robin throws the goblin at you! The goblin hits you with a +0 dagger.
Robin roars a battlecry!
You hit the goblin.
The goblin is heavily wounded.
The goblin hits you with a +0 dagger.
* * * LOW HITPOINT WARNING * * *
You hit the goblin.
You kill the goblin!
Robin's horned helmet rattles.
Robin closely misses you.
You see here a +0 dagger.
Robin throws the goblin at you!
* * * LOW HITPOINT WARNING * * *
Casting: Scorch (safe; 2% risk of failure)
Press: ? - help, Q - select action, (/) - cycle Dir - look around, f - activate Flames lash Robin.
Robin is severely wounded.
Robin's fire resistance burns away.
The goblin closely misses you.
You hit Robin.
Robin is severely wounded.
Robin misses you. The goblin hits you with a +0 dagger.
* * * LOW HITPOINT WARNING * * *
You hit Robin but do no damage.
Robin is severely wounded.
Robin hits you with a +0 short sword.
You die...

......................>#g
#######........#########g
#........#########.
#................#g
#........#######.#!######
#######........#.......#.$....#
.........#####.#.#########).#.#
########.#####.#g# #.g.g.g.#
....#..........#@# #.#####.#
....#.##.####..#g####.# .#
.####.#<...)...#..)g..# .. ..#
#.#..#..#.######### ##. ..#
#.#..#..#.# .# #.###.#..#..#.#
# #..##.#..#..#.#
...##....####.#############
....###...................#


You could see Robin (combustible) and a goblin (strong).

Vanquished Creatures
  2 worms (D:2)
  2 endoplasms (D:2)
  7 giant cockroaches
  7 goblins
  2 hobgoblins
  6 jackals (D:1)
  3 quokkas
  2 ball pythons
  9 bats
  2 frilled lizards
  5 kobolds
  14 rats
61 creatures vanquished.

Vanquished Creatures (others)
  19 foxfires
19 creatures vanquished.

Grand Total: 80 creatures vanquished

Notes
Turn   | Place    | Note
-------+----------+-------------------------------------------
     0 | D:1      | nickcage the Deep Elf Fire Elementalist began the quest for
                  | the Orb.
     0 | D:1      | Reached XP level 1. HP: 10/10 MP: 6/6
   166 | D:1      | Reached XP level 2. HP: 15/15 MP: 6/8
   169 | D:1      | Learned a level 2 spell: Scorch
   959 | D:1      | Reached XP level 3. HP: 19/19 MP: 5/10
  1348 | D:2      | Found a faded altar of an unknown god.
  2442 | D:2      | Noticed Robin
  2451 | D:2      | Reached XP level 4. HP: 24/24 MP: 6/12
  2470 | D:2      | Slain by Robin

Illustrated notes

Levels and vault maps discovered:
D:1:      dpeg_arrival_subterranean_lakeside_camping, layout_loops_ring,
          minivault_11
D:2:      layout_basic, nicolae_ecumenical_oubliette, minmay_misc_feat_room,
          solitary_fountain, minmay_rat_gold_closets, uniq_robin

Skill      XL: |  1  2  3 |
---------------+----------+-----
Fire Magic     | 4 |  4.6
Spellcasting   | 4 |  4.3
Dodging        | |  2.4
Stealth        | |  2.4
Conjurations   | |  1.3

Action                   |  1- 3 |  4- 6 || total
-------------------------+-------+-------++-------
Melee: Unarmed           |     1 |       ||     1
       Dagger            |     5 |     4 ||     9
 Cast: Foxfire           |    12 |       ||    12
       Scorch            |    59 |     3 ||    62
Armor: Robe              |     2 |     1 ||     3
Dodge: Dodged            |     3 |     3 ||     6
